 Dungeon Crawl Stone Soup version 0.25.1-11-g244df3a29b (webtiles) character file.

Game seed: 326038279750231014

95200 DeepDeath the Peltast (level 15, -2/133 HPs)
             Began as a Black Draconian Fighter on Nov 16, 2023.
             Was a High Priest of Okawaru.
             Slain by a cyclops (33 damage)
             ... on level 1 of the Shoals.
             The game lasted 03:00:22 (47735 turns).

DeepDeath the Peltast (Black Draconian Fighter)    Turns: 47735, Time: 03:00:23

Health: -2/133     AC: 18    Str: 20    XL:     15   Next: 65%
Magic:  21/21      EV: 20    Int:  8    God:    Okawaru [*****.]
Gold:   1004       SH:  0    Dex: 14    Spells: 9/14 levels left

rFire    + + .     SeeInvis .   e - +5 war axe (freeze)
rCold    . . .     Gourm    .   K - +1 kite shield
rNeg     . . .     Faith    .   (armour unavailable)
rPois    .         Spirit   .   G - +2 hat
rElec    +         Reflect  .   b - +2 cloak
rCorr    .         Harm     .   E - +1 pair of gloves
MR       +++..                  g - +1 pair of boots of the Desolation of Salt {rF+ MR++ Int-2}
Stlth    ++++......             i - amulet of the acrobat
HPRegen  0.32/turn              W - ring of protection from fire
MPRegen  0.17/turn              Q - +4 ring of evasion

@: sleeping, flying
A: breathe lightning, unfitting armour, big wings, electricity resistance,
cold-blooded, AC +9
a: Breathe Lightning, Stop Flying, Heroism, Finesse, Renounce Religion


You were on level 1 of the Shoals.
You worshipped Okawaru.
Okawaru was extremely pleased with you.
You were not hungry.

You visited 5 branches of the dungeon, and saw 25 of its levels.
You also visited: Ossuary and Ice Cave.

You collected 2768 gold pieces.
You spent 1764 gold pieces at shops.

Inventory:

Hand Weapons
 a - the +8 broad axe "Quuqotot" {antimagic, +Inv rF+ Str-4 Stlth+}
   (You acquired it on level 14 of the Dungeon)

   It reduces the magical energy of the wielder, and disrupts the spells and
   magical abilities of those hit.
   Natural abilities and divine invocations are not affected.
   It affects your strength (-4).
   It protects you from fire.
   It lets you turn invisible.
   It makes you more stealthy.
 d - a +5 morningstar of holy wrath
 e - a +5 war axe of freezing (weapon)
 s - a +0 hand axe of flaming
 w - a +2 flail of protection
Missiles
 n - a silver javelin
 A - 3 silver boomerangs (quivered)
 B - 46 boomerangs
 D - 49 poisoned darts
 T - 6 datura-tipped darts
 Z - 6 curare-tipped darts
Armour
 b - a +2 cloak (worn)
 g - the +1 pair of boots of the Desolation of Salt (worn) {rF+ MR++ Int-2}
   (You bought it in a shop on level 2 of the Orcish Mines)

   It affects your intelligence (-2).
   It protects you from fire.
   It affects your resistance to hostile enchantments.
 E - a +1 pair of gloves (worn)
 G - a +2 hat (worn)
 K - a +1 kite shield (worn)
Jewellery
 h - an uncursed amulet of regeneration
 i - an amulet of the acrobat (around neck)
 l - an uncursed ring of ice
 r - an uncursed ring of protection from magic
 Q - a +4 ring of evasion (right hand)
 W - a ring of protection from fire (left hand)
Wands
 t - a wand of polymorph (1)
 z - a wand of paralysis (3)
 I - a wand of iceblast (2)
 L - a wand of enslavement (17)
 S - a wand of acid (10)
Scrolls
 j - 7 scrolls of fog
 k - 2 scrolls of identify
 o - 4 scrolls of enchant armour
 q - a scroll of enchant weapon
 x - 7 scrolls of noise
 y - a scroll of summoning
 C - a scroll of blinking
 F - 7 scrolls of teleportation
 M - 5 scrolls of magic mapping
 O - 3 scrolls of remove curse
 P - a scroll of silence
 Y - 3 scrolls of fear
Potions
 c - 10 potions of curing
 m - 3 potions of stabbing
 p - 2 potions of cancellation
 v - 2 potions of ambrosia
 H - 2 potions of resistance
 R - 3 potions of lignification
 X - 3 potions of brilliance
Miscellaneous
 V - a lightning rod (4/4)
Comestibles
 f - 25 rations


   Skills:
 + Level 12.2 Fighting
 * Level 5.5(11.3) Axes
 - Level 14.8(15.1) Maces & Flails
 - Level 4.0 Throwing
 + Level 7.4 Dodging
 - Level 9.0 Stealth
 - Level 15.0 Shields
 - Level 8.0 Invocations
 - Level 2.0 Evocations


You had 9 spell levels left.
You knew the following spells:

 Your Spells              Type           Power        Failure   Level  Hunger
a - Swiftness             Chrm/Air       #.......     54%         2    ###....
b - Shock                 Conj/Air       #...         41%         1    ##.....
c - Poisonous Vapours     Pois/Air       #.....       54%         2    ###....

Your spell library contained the following spells:

 Spells                   Type           Power        Failure   Level  Hunger
 Beastly Appendage        Tmut           #.....       41%         1    ##.....
 Corona                   Hex            #......      41%         1    ##.....
 Summon Small Mammal      Summ           #...         41%         1    ##.....
 Call Imp                 Summ           #.......     54%         2    ###....
 Slow                     Hex            #.......     54%         2    ###....
 Sticks to Snakes         Tmut           #.......     54%         2    ###....
 Sublimation of Blood     Necr           #.........   54%         2    ###....
 Call Canine Familiar     Summ           #.......     78%         3    ####...
 Confusing Touch          Hex            #.......     78%         3    ####...
 Gell's Gravitas          Tloc           #.........   78%         3    ####...
 Inner Flame              Hex/Fire       #.......     78%         3    ####...
 Mephitic Cloud           Conj/Pois/Air  #.......     78%         3    ####...
 Portal Projectile        Hex/Tloc       #.....       78%         3    ####...
 Spider Form              Tmut/Pois      #.........   78%         3    ####...
 Summon Guardian Golem    Hex/Summ       #.......     78%         3    ####...
 Animate Dead             Necr           N/A          99%         4    #####..
 Cause Fear               Hex            #.........   99%         4    #####..
 Ice Form                 Ice/Tmut       #.......     99%         4    #####..
 Leda's Liquefaction      Hex/Erth       #.........   99%         4    #####..
 Petrify                  Tmut/Erth      #.......     99%         4    #####..
 Summon Ice Beast         Ice/Summ       #.......     99%         4    #####..
 Summon Lightning Spire   Summ/Air       #.......     99%         4    #####..
 Alistair's Intoxication  Tmut/Pois      #.......     100%        5    ######.
 Blade Hands              Tmut           #.........   100%        5    ######.
 Fireball                 Conj/Fire      #.........   100%        5    ######.
 Lightning Bolt           Conj/Air       #.........   100%        5    ######.
 Metabolic Englaciation   Hex/Ice        #.........   100%        5    ######.
 Silence                  Hex/Air        #.........   100%        5    ######.
 Yara's Violent Unravell  Hex/Tmut       #.........   100%        5    ######.
 Conjure Ball Lightning   Conj/Air       #.........   100%        6    #######
 Tornado                  Air            #.........   100%        9    #######


Dungeon Overview and Level Annotations

Branches:
Dungeon (15/15)            Temple (1/1) D:4            Lair (6/6) D:9
 Shoals (1/4) Lair:4       Spider (0/4) Lair:3        Slime (0/5) Lair:6
    Orc (2/2) D:12            Elf (0/3) Orc:2        Vaults (0/5) D:13
 Depths (0/5) D:15        Ossuary (visited)           IceCv (visited)

Altars:
Ashenzari
Cheibriados
Dithmenos
Elyvilon
Fedhas
Gozag
Hepliaklqana
Kikubaaqudgha
Makhleb
Nemelex Xobeh
Okawaru
Qazlal
Ru
Sif Muna
Trog
Uskayaw
Vehumet
Wu Jian
Xom
Yredelemnul
Zin
The Shining One
Beogh

Shops:
D:6 %(}   D:13 ?   D:14 (   Orc:2 [*(:

Annotations:
Lair:6 1 runed translucent door: white dragon


Innate Abilities, Weirdness & Mutations

You can breathe wild blasts of lightning.
Your glossy black scales are hard. (AC +9)
You cannot fit into any form of body armour.
Your large and strong wings let you fly indefinitely.
You are resistant to electric shocks. (rElec)
You are cold-blooded and may be slowed by cold attacks.


Message History

Your tail-slap misses the cyclops.
The cyclops is almost dead.
You closely miss the dream sheep. You hit the dream sheep.
You freeze the dream sheep. The dream sheep barely misses you.
Unknown command.
You hit the cyclops. You freeze the cyclops.
The cyclops is almost dead.
You hit the dream sheep but do no damage.
You slash the dream sheep! You freeze the dream sheep.
The dream sheep bites you but does no damage.
The cyclops hits you!!
* * * LOW HITPOINT WARNING * * *
The dream sheep shake their wool and sparkle.
You feel drowsy...
You fall asleep.
The dream sheep misses you.
The dream sheep bites you but does no damage.
The cyclops closely misses you. The dream sheep completely misses you.
The dream sheep closely misses you. The dream sheep barely misses you.
The cyclops hits you!!
You die...

≈≈≈≈≈≈≈≈≈≈≈...≈≈≈≈≈..≈≈≈........≈
≈≈≈≈≈≈≈≈≈≈.≈≈≈≈≈≈...........≈...≈
≈≈..≈≈≈≈≈≈≈≈≈........≈≈.≈≈≈≈≈≈
≈≈≈≈≈≈.≈.≈≈≈≈≈...≈≈≈≈≈≈≈≈≈≈≈≈≈
≈≈≈≈≈≈≈..≈≈......≈≈≈≈≈≈≈≈≈≈≈≈
≈≈≈≈≈≈.≈≈.......≈≈≈≈≈≈≈≈≈≈≈≈
≈≈≈≈≈≈≈≈...##..≈≈≈≈≈≈≈≈≈≈≈
≈≈≈≈≈≈≈≈≈YY#..≈≈≈≈≈
≈≈≈≈≈≈≈..@C...≈≈≈≈≈
≈≈≈≈≈.#####†≈.≈≈≈≈≈ ≈≈≈≈≈.
#≈≈≈≈≈≈≈≈ ≈≈≈≈ ..≈≈≈..≈≈ ≈≈≈
.≈.≈≈≈≈≈≈≈ ≈≈ ≈≈≈≈≈[≈≈≈≈≈ ≈
≈≈≈≈≈Y≈≈≈≈≈≈ ≈≈≈≈Y≈≈S≈≈≈C≈
≈≈≈S≈C≈≈≈≈≈≈≈≈


You could see a cyclops and 2 dream sheep.

Vanquished Creatures
  Rupert (Lair:4)
  Gastronok (Lair:3)
  Frances (D:13)
  An orc warlord (D:12)
  2 entropy weavers
  A merfolk javelineer (Shoals:1)
  An ettin (Orc:2)
  2 fire dragons (D:15)
  Snorg (Lair:3)
  A yaktaur captain (D:13)
  The ghost of Yquel the Geomancer, a journeyman GrEE of Qazlal (D:14)
  6 hydras
  A spectral sphinx (D:14)
  3 catoblepae
  3 centaur warriors
  A two-headed ogre (D:14)
  A queen ant (Lair:5)
  A spectral frost giant (D:14)
  An orc high priest (Orc:2)
  A fire crab (Lair:6)
  An unseen horror (D:14)
  A spark wasp zombie (D:14)
  A sea snake (Shoals:1)
  5 skeletal warriors (D:14)
  2 lindwurms (Lair:6)
  2 orc knights (Orc:1)
  The ghost of Garenzo the Firebug, a novice DrFE of Makhleb (D:5)
  A wolf spider zombie (D:15)
  7 ugly things
  2 wolf spiders (Lair:6)
  4 orc sorcerers
  2 manticores
  A spectral ice dragon (D:14)
  A deep elf mage (D:15)
  3 cyclopes
  A spectral deep troll (D:14)
  A guardian serpent (Lair:6)
  6 black mambas
  Psyche (D:9)
  5 torpor snails (Lair:6)
  12 spiny frogs
  A molten gargoyle (D:15)
  A spectral glowing shapeshifter (D:14)
  4 centaur skeletons
  10 komodo dragons
  4 kobold demonologists
  2 rime drakes (Lair:4)
  2 yaktaurs (D:13)
  A yaktaur (shapeshifter) (D:15)
  A wind drake (Shoals:1)
  11 trolls
  2 meliai (D:13)
  2 merfolk
  3 tyrant leeches (Lair:6)
  A polar bear (Lair:4)
  11 hornets
  5 blink frogs (Lair:1)
  13 hippogriffs
  3 slime creatures (D:14)
  2 dream sheep (Shoals:1)
  4 redbacks
  A spriggan (shapeshifter) (D:13)
  A vampire (D:14)
  3 wraiths
  The ghost of RobertJustice1 the Chopper, an amateur MiBe of Trog (D:7)
  4 basilisks
  A water elemental (Shoals:1)
  4 shadows
  25 yaks
  12 wyverns
  A steam dragon (D:7)
  3 wargs
  8 vampire mosquitoes
  2 insubstantial wisps (D:7)
  22 water moccasins
  Menkaure (D:7)
  26 soldier ants (Lair:6)
  An acid dragon (D:14)
  4 porcupines
  29 orc warriors
  3 ice beasts
  A deep troll simulacrum (D:14)
  6 sky beasts
  13 ogres
  A phantom (D:11)
  A black bear (D:11)
  23 wolves
  3 boggarts
  8 centaurs
  An ettin simulacrum (D:14)
  An eye of draining (D:13)
  9 crocodiles
  An elf zombie (Ossuary)
  9 big kobolds
  21 bullfrogs
  A wyvern skeleton (D:8)
  6 scorpions
  A water moccasin skeleton (D:11)
  9 killer bees (D:13)
  7 electric eels
  2 howler monkeys
  6 crimson imps
  4 centaur zombies
  3 bullfrog zombies
  4 human zombies (Ossuary)
  14 orc priests
  A bullfrog skeleton (D:13)
  8 hounds
  4 jellies
  20 orc wizards
  An iguana (D:10)
  21 worker ants
  A wolf simulacrum (IceCv)
  A hound skeleton (D:8)
  3 mummies (Ossuary)
  2 worker ant zombies
  6 gnolls
  15 adders
  4 shadow imps
  6 adder zombies (Ossuary)
  An adder skeleton (D:6)
  5 worms
  2 dart slugs
  5 leopard geckos
  68 orcs
  6 giant cockroaches
  4 goblins
  5 hobgoblins
  15 jackals
  5 quokkas
  2 ball pythons (D:2)
  A ball python skeleton (D:4)
  9 bats
  3 frilled lizards (D:2)
  3 gnoll zombies (Ossuary)
  2 goblin zombies (Ossuary)
  4 hobgoblin zombies (Ossuary)
  5 jackal zombies (Ossuary)
  31 kobolds
  A kobold zombie (Ossuary)
  6 quokka zombies (Ossuary)
  3 rats
  3 rat zombies (Ossuary)
  A bush (D:10)
  A fungus (Orc:2)
  2 plants (Lair:6)
767 creatures vanquished.

Vanquished Creatures (collateral kills)
  Harold (Orc:1)
1 creature vanquished.

Vanquished Creatures (others)
  A kobold (D:15)
  A bush (Lair:6)
  31 fungi
  55 plants
88 creatures vanquished.

Grand Total: 856 creatures vanquished

Notes
Turn   | Place    | Note
-------+----------+-------------------------------------------
     0 | D:1      | DeepDeath the Draconian Fighter began the quest for the
                  | Orb.
     0 | D:1      | Reached XP level 1. HP: 19/19 MP: 1/1
   222 | D:1      | Reached XP level 2. HP: 24/26 MP: 2/2
   983 | D:2      | Reached XP level 3. HP: 31/33 MP: 3/3
  1143 | D:2      | Found a bloodstained altar of Trog.
  2282 | D:3      | Noticed a sky beast
  2330 | D:3      | Killed a sky beast
  2330 | D:3      | Reached XP level 4. HP: 22/40 MP: 4/4
  2330 | D:3      | Reached XP level 5. HP: 26/46 MP: 5/5
  2658 | D:3      | Reached skill level 4 in Shields
  2844 | D:4      | Found a snail-covered altar of Cheibriados.
  2922 | D:4      | Found a shimmering blue altar of Sif Muna.
  3146 | D:4      | Noticed a phantom
  3378 | D:4      | Found a stormy altar of Qazlal.
  3406 | D:4      | Reached XP level 6. HP: 47/53 MP: 6/6
  3407 | D:4      | Found a hide-covered altar of Uskayaw.
  3450 | D:4      | Reached skill level 5 in Maces & Flails
  3578 | D:4      | Found a staircase to the Ecumenical Temple.
  3644 | Temple   | Entered the Ecumenical Temple
  3792 | Temple   | Became a worshipper of Warmaster Okawaru
  4194 | D:5      | Entered Level 5 of the Dungeon
  4200 | D:5      | Found a runed translucent door.
  4200 | D:5      | Noticed Garenzo's ghost (novice DrFE)
  4232 | D:5      | Noticed an ice beast
  4249 | D:5      | Killed an ice beast
  4249 | D:5      | Reached skill level 5 in Fighting
  4249 | D:5      | Reached skill level 1 in Invocations
  4320 | D:5      | Found a runed translucent door.
  4348 | D:5      | Your scales start taking on a glossy black colour.
  4348 | D:5      | Reached XP level 7. HP: 57/61 MP: 6/8
  4348 | D:5      | Gained mutation: You are resistant to electric shocks.
                  | (rElec) [Black Draconian growth]
  4579 | D:5      | Reached * piety under Okawaru
  4695 | D:5      | Reached skill level 5 in Shields
  4916 | D:6      | Found a sparkling altar of Nemelex Xobeh.
  5050 | D:6      | Found Edaifru's Gadget Emporium.
  5077 | D:6      | Bought a wand of paralysis (4) for 84 gold pieces
  5170 | D:6      | Found Ovaibb's Food Shoppe.
  5304 | D:6      | Found Enievo Ruargh's Antique Weapon Boutique.
  5677 | D:6      | Reached XP level 8. HP: 54/68 MP: 9/9
  6143 | D:7      | Reached ** piety under Okawaru
  6153 | D:7      | Found a sacrificial altar of Ru.
  6686 | D:7      | Reached skill level 10 in Maces & Flails
  6987 | D:7      | Noticed Menkaure
  7076 | D:7      | Found a burning altar of Makhleb.
  7486 | D:7      | Reached *** piety under Okawaru
  7584 | D:7      | Reached XP level 9. HP: 47/74 MP: 10/10
  7730 | D:7      | Found a runed translucent door.
  7731 | D:7      | Noticed RobertJustice1's ghost (amateur MiBe)
  8004 | D:8      | Found a blossoming altar of Fedhas.
  8047 | D:8      | Found a sand-covered staircase.
  8053 | Ossuary  | Entered an ossuary
  8463 | Ossuary  | Reached skill level 1 in Evocations
  8533 | Ossuary  | Reached skill level 1 in Throwing
  8965 | D:8      | You fall into a shaft and drop 2 floors!
  8965 | D:10     | Entered Level 10 of the Dungeon
  8971 | D:10     | Noticed a komodo dragon
  8988 | D:10     | Killed a komodo dragon
  9156 | D:10     | Noticed a troll
  9175 | D:10     | Killed a troll
  9175 | D:10     | Received a gift from Okawaru
  9692 | D:10     | Found Woegg's Magic Scroll Emporium.
  9699 | D:10     | Reached XP level 10. HP: 81/81 MP: 13/13
  9703 | D:10     | Bought a scroll of fear for 42 gold pieces
  9703 | D:10     | Bought a scroll of teleportation for 36 gold pieces
  9703 | D:10     | Bought a scroll of silence for 90 gold pieces
  9920 | D:10     | Reached skill level 5 in Dodging
 10012 | D:10     | Reached skill level 1 in Stealth
 10016 | D:10     | Reached **** piety under Okawaru
 10608 | D:8      | Found an ancient bone altar of Kikubaaqudgha.
 10609 | D:8      | Found an opulent altar of Gozag.
 10769 | D:10     | Bought a scroll of identify for 24 gold pieces
 10769 | D:10     | Bought a scroll of identify for 24 gold pieces
 10769 | D:10     | Bought a scroll of identify for 24 gold pieces
 10769 | D:10     | Bought a scroll of identify for 24 gold pieces
 11595 | D:9      | Noticed Psyche
 11755 | D:9      | Reached skill level 6 in Shields
 12688 | D:9      | Found a staircase to the Lair.
 12790 | D:9      | Killed Psyche
 13227 | Lair:1   | Entered Level 1 of the Lair of Beasts
 13690 | Lair:1   | Reached skill level 7 in Shields
 13713 | Lair:1   | Reached XP level 11. HP: 64/86 MP: 12/14
 15629 | Lair:2   | Reached skill level 8 in Shields
 16119 | Lair:2   | Reached skill level 5 in Invocations
 17451 | Lair:2   | Reached skill level 9 in Shields
 18040 | Lair:3   | Noticed Snorg
 18055 | Lair:3   | Killed Snorg
 18085 | Lair:3   | Noticed Gastronok
 18109 | Lair:3   | Killed Gastronok
 18109 | Lair:3   | Received a gift from Okawaru
 18109 | Lair:3   | Reached skill level 10 in Shields
 18713 | Lair:3   | Reached XP level 12. HP: 93/94 MP: 15/17
 18798 | Lair:3   | Found a hole to the Spider Nest.
 19874 | Lair:4   | Received a gift from Okawaru
 20032 | Lair:4   | Reached skill level 11 in Shields
 20035 | Lair:4   | Noticed Rupert
 20347 | Lair:4   | Noticed a five-headed hydra
 20366 | Lair:4   | Killed a five-headed hydra
 21456 | Lair:4   | Reached skill level 12 in Shields
 21623 | Lair:5   | Noticed a six-headed hydra
 21641 | Lair:5   | HP: 1/94 [six-headed hydra (16)]
 21642 | Lair:5   | Killed a six-headed hydra
 22644 | Lair:5   | Noticed a catoblepas
 22660 | Lair:5   | Killed a catoblepas
 22992 | Lair:5   | Noticed a catoblepas
 23026 | Lair:5   | Killed a catoblepas
 23026 | Lair:5   | Reached skill level 13 in Shields
 24025 | D:10     | Bought a scroll of fog for 24 gold pieces
 24025 | D:10     | Bought a scroll of summoning for 114 gold pieces
 24866 | D:11     | Reached XP level 13. HP: 70/100 MP: 17/19
 25396 | D:11     | Reached skill level 14 in Shields
 25999 | D:11     | Received a gift from Okawaru
 26769 | D:12     | Found a frozen archway.
 26817 | IceCv    | Entered an ice cave
 27378 | D:12     | Found a staircase to the Orcish Mines.
 27386 | D:12     | Found a roughly hewn altar of Beogh.
 27390 | D:12     | Identified the Grimoire of Igneous Transmutation
 27923 | D:12     | Reached skill level 15 in Shields
 28614 | Orc:1    | Entered Level 1 of the Orcish Mines
 28707 | Orc:1    | Noticed Harold
 28722 | Orc:1    | Killed Harold
 28836 | Orc:2    | Entered Level 2 of the Orcish Mines
 28836 | Orc:2    | Found Elyow's Antique Weapon Emporium.
 29043 | Lair:4   | Killed Rupert
 29408 | D:5      | Killed Garenzo's ghost
 29674 | Lair:6   | Entered Level 6 of the Lair of Beasts
 30687 | Lair:6   | Reached skill level 5 in Stealth
 30797 | Lair:6   | Found a runed translucent door.
 31124 | Lair:6   | Found a staircase to the Slime Pits.
 32307 | Lair:5   | Gained mutation: Your large and strong wings let you fly
                  | indefinitely. [Black Draconian growth]
 32307 | Lair:5   | Reached XP level 14. HP: 105/116 MP: 20/20
 32893 | Lair:6   | Noticed an entropy weaver
 32920 | Lair:5   | Killed an entropy weaver
 33526 | Lair:6   | Identified the +1 scimitar "Fiddaly" {freeze, *Corrode +Inv
                  | MR+ Dex+2}
 33526 | Lair:6   | Noticed an entropy weaver
 34450 | Orc:2    | Noticed an orc warlord
 35255 | D:12     | Killed an orc warlord
 35333 | D:12     | Received a gift from Okawaru
 36012 | Orc:2    | Found Otom Uxuylu's Book Boutique.
 36133 | Orc:1    | Reached skill level 10 in Fighting
 36280 | Orc:2    | Found Irchakhloce's General Store.
 36289 | Orc:2    | Bought a scroll of fog for 32 gold pieces
 36289 | Orc:2    | Bought a potion of curing for 48 gold pieces
 36420 | Orc:2    | Found a staircase to the Elven Halls.
 36461 | Orc:2    | Received a gift from Okawaru
 36526 | Orc:2    | Found Wypn's Antique Armour Boutique.
 36894 | Orc:2    | Bought a runed cloak for 270 gold pieces
 36894 | Orc:2    | Bought a pair of smoking boots for 342 gold pieces
 36944 | Orc:2    | Identified the +1 pair of boots of the Desolation of Salt
                  | {rF+ MR++ Int-2} (You bought it in a shop on level 2 of the
                  | Orcish Mines)
 37421 | Orc:2    | Bought a glowing morningstar for 196 gold pieces
 38460 | Lair:6   | Killed an entropy weaver
 39698 | Lair:6   | Got a scorched battleaxe
 40459 | Lair:2   | Identified a scroll of acquirement
 40463 | Lair:2   | Acquired a manual of Evocations
 40647 | D:4      | Identified Sif Muna's Disquisition on Bewitchment
 40735 | D:7      | Killed RobertJustice1's ghost
 40788 | D:7      | Killed Menkaure
 41433 | D:13     | Found a gate to the Vaults.
 41555 | D:13     | Found Viuvemp's Magic Scroll Boutique.
 41568 | D:13     | Bought a scroll of magic mapping for 42 gold pieces
 41568 | D:13     | Bought a scroll of identify for 24 gold pieces
 41568 | D:13     | Bought a scroll of remove curse for 36 gold pieces
 41568 | D:13     | Bought a scroll of remove curse for 36 gold pieces
 41568 | D:13     | Bought 2 scrolls of teleportation for 72 gold pieces
 41641 | D:13     | Found a shattered altar of Ashenzari.
 41646 | D:13     | Noticed Frances
 42018 | D:13     | HP: 5/124 [Frances/+1 flail of protection (11)]
 42020 | D:13     | Killed Frances
 42020 | D:13     | Received a gift from Okawaru
 42020 | D:13     | Reached XP level 15. HP: 6/130 MP: 21/21
 42914 | D:13     | Bought a scroll of enchant weapon for 90 gold pieces
 42914 | D:13     | Bought a scroll of enchant weapon for 90 gold pieces
 42946 | D:14     | Reached skill level 1 in Axes
 43587 | D:14     | Found Huuw's Antique Weapon Boutique.
 43602 | D:14     | Identified the Volume of Ghastly Weightlessness
 43607 | D:14     | Learned a level 2 spell: Swiftness
 43609 | D:14     | Learned a level 1 spell: Shock
 43612 | D:14     | Learned a level 2 spell: Poisonous Vapours
 43661 | D:14     | Found a runed translucent gate.
 43661 | D:14     | Found a runed translucent gate.
 43665 | D:14     | Found a runed translucent gate.
 43665 | D:14     | Noticed Yquel's ghost (journeyman GrEE)
 43943 | D:14     | Received a gift from Okawaru
 43958 | D:14     | Killed Yquel's ghost
 44395 | D:14     | Got a pitted crystal amulet
 44438 | D:14     | Acquired the +8 broad axe "Quuqotot" {antimagic, +Inv rF+
                  | Str-4 Stlth+}
 44440 | D:14     | Identified the amulet "Zuorerph" {Inacc +Fly MR+ Str-3
                  | Int+8} (You found it on level 14 of the Dungeon)
 44740 | Lair:4   | Found a staircase to the Shoals.
 45076 | D:15     | Entered Level 15 of the Dungeon
 45601 | D:15     | Found an opulent altar of Gozag.
 46376 | D:15     | Reached ***** piety under Okawaru
 46376 | D:15     | Reached skill level 5 in Axes
 46495 | D:15     | Found a staircase to the Depths.
 47145 | Shoals:1 | Entered Level 1 of the Shoals
 47735 | Shoals:1 | Slain by a cyclops

Illustrated notes

Levels and vault maps discovered:
D:1:      dpeg_arrival_leaves_temple_mockup, layout_basic, lemuel_another_geyser
D:2:      layout_basic, lemuel_round_altar
D:3:      layout_basic, first_ration
D:4:      layout_loops_corners, eat_drink_and_be_merry_uskayaw, led_sif_book,
          cheibriados_altar_1, minmay_temple_entry_statues,
          nicolae_qazlal_general_emergency
D:5:      layout_loops_ring, ebering_ghost_sewer_f
D:6:      layout_rooms, serial_shops, shop, nicolae_shop_stone,
          nicolae_shop_statue_plus, nemelex_xobeh_ov_fountains_minmay
D:7:      layout_loops_ring, nicolae_ru_path_of_blood, lemuel_round_altar,
          gammafunk_ghost_grave, grunt_ogre_cave, hangedman_misty_isle,
          uniq_menkaure
D:8:      lemuel_ice_spiral_2, layout_basic, gammafunk_temple_overflow_pools,
          old_standard_altar, enter_ossuary_5, corexii_corridor_pit
D:9:      layout_loops_ring, erik_lair_island, uniq_psyche
D:10:     layout_basic, serial_shops, nicolae_shop_trees,
          kb_lookout_dungeons_type
D:11:     layout_small_grid, minmay_shattered_shrine
D:12:     layout_roguey, minmay_orc_entry_temple_small,
          portal_ice_cave_entry_pillars_1
D:13:     layout_basic, david_vaults_2, serial_shops, shop, basic_altar,
          minmay_misc_feat_tiny, hangedman_abyss_or_decor_stagger, eino_jars,
          uniq_frances
D:14:     layout_stronghold, gammafunk_ghost_necromancy, serial_shops,
          nicolae_shop_trees
D:15:     grunt_enter_depths_hoard, layout_cave_pools,
          nicolae_gozag_cash_rules_everything_around_me, kennysheep_flooded_box,
          drop_trap, minmay_misc_feat_columns, minivault_16
Temple:   oiseaux_autumnal_temple
Lair:1:   layout_regular_city, chequers_serial_rivers_marsh,
          serial_bayou_shore_a
Lair:2:   layout_cave_pods, grunt_megastairs_2
Lair:3:   layout_chaotic_city, spider_nest_entry_webs, uniq_gastronok,
          uniq_snorg
Lair:4:   layout_cave_pods, elwin_shoals_entry_rooms, grunt_megastairs_3,
          lemuel_fruit_fields, uniq_rupert
Lair:5:   layout_small_grid, serial_bayou_lake_a
Lair:6:   wormcave, layout_regular_city, hangedman_lair_tendril_chambers,
          slime_dummy, minivault_29, infiniplex_staircase_pool
Shoals:1: layout_shoals
Orc:1:    layout_diamond_mine, uniq_harold
Orc:2:    grunt_orc_gardens, layout_diamond_mine, grunt_orc_garden,
          grunt_orc_garden, grunt_orc_garden, grunt_orc_garden, special_room

Skill      XL: |  1  2  3  4  5  6  7  8  9 10 11 12 13 14 15 |
---------------+----------------------------------------------+-----
Maces & Flails | 4 5 7 10 11 13 14 | 14.8
Fighting       | 4 5 8 11 12 | 12.2
Shields        | 4 5 7 10 13 15 | 15.0
Invocations    | 1 2 4 7 8 |  8.0
Dodging        | 4 5 6 7 |  7.4
Evocations     | 1 2 |  2.0
Throwing       | 1 2 4 |  4.0
Stealth        | 2 6 8 9 |  9.0
Axes           | 5 |  5.5

Action                   |  1- 3 |  4- 6 |  7- 9 | 10-12 | 13-15 || total
-------------------------+-------+-------+-------+-------+-------++-------
Melee: Flail             |   143 |       |       |       |   601 ||   744
       Tailslap          |    15 |    19 |   107 |   251 |   426 ||   818
       Mace              |    32 |   174 |   621 |  1507 |  1496 ||  3830
       Morningstar       |       |       |       |       |   193 ||   193
       Hand axe          |       |       |       |       |     4 ||     4
       War axe           |       |       |       |       |    71 ||    71
       Broad axe         |       |       |       |       |    50 ||    50
Throw: Dart              |     1 |       |    48 |    94 |   113 ||   256
       Boomerang         |       |       |     2 |    84 |   300 ||   386
       Stone             |       |       |       |     2 |       ||     2
       Throwing net      |       |       |       |     2 |     6 ||     8
       Javelin           |       |       |       |       |     1 ||     1
Invok: Heroism           |       |       |    10 |    69 |   127 ||   206
 Abil: Breathe Lightning |       |       |     3 |     3 |     2 ||     8
       Fly               |       |       |       |       |     3 ||     3
       Stop Flying       |       |       |       |       |     2 ||     2
Evoke: Wand              |       |       |     3 |    30 |    23 ||    56
       Lightning rod     |       |       |       |       |    14 ||    14
       Phantom mirror    |       |       |       |       |     1 ||     1
  Use: Scroll            |     7 |     4 |     7 |    20 |    22 ||    60
       Potion            |       |     4 |     3 |     4 |     6 ||    17
 Stab: Sleeping          |     1 |       |     2 |     4 |    15 ||    22
       Confused          |       |       |     1 |     3 |       ||     4
       Distracted        |       |       |       |       |     4 ||     4
       Paralysed         |       |       |       |       |     2 ||     2
       Held in net/web   |       |       |       |       |     4 ||     4
  Eat: Chunk             |     4 |     7 |    14 |    27 |    38 ||    90
       Ration            |       |       |     2 |     6 |    11 ||    19
Armor: Skin              |    74 |    68 |   141 |   142 |   314 ||   739
Dodge: Dodged            |    89 |   101 |   198 |   609 |   931 ||  1928
Block: Kite shield       |   110 |   137 |   288 |   764 |  1413 ||  2712
